 Dungeon Crawl Stone Soup version 0.30.1-4-g462c640d31 (webtiles) character file.

Game seed: 1526800597672815176

1490280 HagarQim the Impregnable (level 27, 222/222 HPs)
             Began as a Gnoll Wanderer on Aug 29, 2023.
             Was an Initiate of Gozag.
             Escaped with the Orb
             ... and 3 runes on Sept 4, 2023!
             The game lasted 12:32:02 (92146 turns).

HagarQim the Impregnable (Gnoll Wanderer)          Turns: 92146, Time: 12:32:03

Health: 222/222    AC: 23    Str:  9    XL:     27
Magic:  48/48      EV: 33    Int: 24    God:    Gozag
Gold:   3578       SH: 13    Dex: 22    Spells: 1/69 levels left

rFire   + . .        f - staff of earth "Hivogy" {rPois rC+}
rCold   . . .        W - +3 warlock's mirror {omnireflect}
rNeg    + + .        G - +2 robe {Archmagi}
rPois   +            B - +3 crown of Dyrovepreva {rElec Int+2 SInv}
rElec   +            X - +4 dragonskin cloak
rCorr   .            V - +2 pair of gloves {Stlth+}
SInv    +            t - +2 pair of boots {rampage}
Will    ++...        H - amulet of magic regeneration
Stlth   +++          U - +5 ring of evasion
HPRegen 0.57/turn    S - ring of the Moon {Drain rF+ rN++ Dex+4}
MPRegen 0.71/turn

%: reflection, rampage, archmagi
@: studying 3 skills
A: fangs 1, strong nose, distributed training, screaming 1, cold vulnerability 1
0: Orb of Zot
}: 3/15 runes: barnacled, silver, gossamer
a: Renounce Religion, Potion Petition, Call Merchant, Bribe Branch


You escaped.
You worshipped Gozag.
Gozag was most pleased with you.
You visited 10 branches of the dungeon, and saw 48 of its levels.
You visited the Abyss 1 time.
You visited 1 bazaar.
You also visited: Ossuary, Bailey, Ice Cave and Desolation.

You collected 29396 gold pieces.
You spent 8302 gold pieces at shops.
You paid 17516 gold pieces to Gozag.

Inventory:

Hand Weapons
 d - the +7 whip of Causality {flame, rC++ Str+3 Dex+3}
   (You found it on level 5 of the Realm of Zot)

   Str:       It affects your strength (+3).
   Dex:       It affects your dexterity (+3).
   rC:        It greatly protects you from cold.
 e - the +8 arc blade {discharge, rElec}
   (You found it on level 3 of the Elven Halls)

   rElec:     It insulates you from electricity.
 q - the +8 autumn katana {manifold assault}
   (You found it on level 1 of the Depths)
 P - the +11 halberd "Laigorat" {holy, +Blink rPois SInv Stlth-}
   (You took it off an ironbound convoker in the Desolation of Salt)

   rPois:     It protects you from poison.
   SInv:      It lets you see invisible.
   +Blink:    It lets you blink.
   Stlth:     It makes you less stealthy.
Missiles
 w - 16 silver javelins
 F - 18 curare-tipped darts
Armour
 t - a +2 pair of boots of rampaging (worn)
 B - the +3 crown of Dyrovepreva (worn) {rElec Int+2 SInv}
   (You found it on level 5 of the Vaults)

   Int:       It affects your intelligence (+2).
   rElec:     It insulates you from electricity.
   SInv:      It lets you see invisible.
 G - a +2 robe of the Archmagi (worn)
 V - a +2 pair of gloves of stealth (worn)
 W - the +3 warlock's mirror (worn) {omnireflect}
   (You bought it in a shop on level 2 of the Orcish Mines)

   Omnireflect: It can block and reflect piercing ranged attacks and magical
   attacks against the wielder's willpower.
 X - the +4 dragonskin cloak (worn)
   (You took it off Tiamat on level 1 of the Realm of Zot)

   Avatar's Aegis: It grants the wearer a chance to resist fire, cold, poison,
   electricity, acid, and negative energy.
 Y - the +8 ring mail of Arphegad {Fly rElec Slay+3 SInv}
   (You found it on level 5 of the Vaults)

   Slay:      It affects your accuracy & damage with ranged weapons and melee
   (+3).
   rElec:     It insulates you from electricity.
   SInv:      It lets you see invisible.
   Fly:       It grants you flight.
Magical Staves
 f - the staff of earth "Hivogy" (weapon) {rPois rC+}
   (You found it on level 3 of the Elven Halls)

   [staff of earth]

   Base accuracy: +5 Base damage: 5 Base attack delay: 1.2 This weapon's minimum
   attack delay (0.6) is reached at skill level 12.
   rC:        It protects you from cold.
   rPois:     It protects you from poison.
   It falls into the 'Staves' category.
   It is a one-handed weapon.
Jewellery
 H - an amulet of magic regeneration (around neck)
 S - the ring of the Moon (right hand) {Drain rF+ rN++ Dex+4}
   (You took it off a servant of whispers in the Desolation of Salt)

   [ring of protection from fire]

   Dex:       It affects your dexterity (+4).
   rF:        It protects you from fire.
   rN:        It greatly protects you from negative energy.
   Drain:     It drains your maximum health when unequipped.
 U - a +5 ring of evasion (left hand)
Wands
 a - a wand of flame (96)
 j - a wand of digging (9)
 n - a wand of roots (44)
 p - a wand of mindburst (48)
 L - a wand of acid (29)
 O - a wand of charming (51)
 R - a wand of polymorph (18)
Scrolls
 b - 24 scrolls of teleportation
 c - 4 scrolls of brand weapon
 i - 11 scrolls of poison
 k - 9 scrolls of fog
 o - 9 scrolls of fear
 r - 6 scrolls of blinking
 y - 8 scrolls of amnesia
 D - 31 scrolls of identify
 E - a scroll of summoning
 I - 4 scrolls of magic mapping
 K - 2 scrolls of enchant weapon
Potions
 g - 2 potions of brilliance
 l - 7 potions of resistance
 m - 5 potions of might
 s - 7 potions of haste
 v - 17 potions of curing
 x - 10 potions of heal wounds
 A - 2 potions of ambrosia
 C - 5 potions of magic
 M - 8 potions of invisibility
 Q - 5 potions of berserk rage
 Z - a potion of cancellation
Miscellaneous
 h - a phantom mirror
 u - a lightning rod (4/4)
 N - a box of beasts (inert)


   Skills:
 + Level 19.4 Fighting
 + Level 19.2 Short Blades
 + Level 19.2 Long Blades
 + Level 19.2 Axes
 + Level 19.2 Maces & Flails
 + Level 19.2 Polearms
 + Level 19.2 Staves
 + Level 23.0 Ranged Weapons
 + Level 19.2 Throwing
 + Level 23.9 Armour
 + Level 19.2 Dodging
 + Level 19.2 Stealth
 + Level 19.2 Shields
 + Level 19.2 Unarmed Combat
 + Level 21.7 Spellcasting
 + Level 16.4 Conjurations
 + Level 16.4 Hexes
 + Level 16.4 Summonings
 + Level 16.4 Necromancy
 + Level 16.4 Translocations
 + Level 16.4 Transmutations
 + Level 16.4 Fire Magic
 + Level 16.4 Ice Magic
 + Level 16.4 Air Magic
 + Level 20.2 Earth Magic
 + Level 17.7 Poison Magic
 + Level 20.8 Invocations
 + Level 19.2 Evocations


You had one spell level left.
You knew the following spells:

 Your Spells              Type           Power      Damage    Failure   Level
a - Hailstorm             Conj/Ice       100%       3d20      0%          3
b - Infestation           Necr           51%        N/A       14%         8
c - Ignite Poison         Fire/Tmut/Pois 100%       N/A       0%          3
d - Blink                 Tloc           100%       N/A       0%          2
e - Dispel Undead         Necr           100%       3d31      1%          4
g - Iskenderun's Mystic   Conj/Tloc      100%       2d19      1%          4
h - Haunt                 Necr/Summ      51%        N/A       1%          7
i - Fireball              Conj/Fire      51%        3d20      1%          5
l - Lee's Rapid Deconstr  Erth           67%        3d31*     0%          5
o - Olgreb's Toxic Radia  Pois           100%       N/A       0%          4
r - Ozocubu's Refrigerat  Ice            51%        4d18      1%          7
s - Iron Shot             Conj/Erth      65%        9d12      1%          6
v - Summon Mana Viper     Hex/Summ       100%       N/A       1%          5
y - Yara's Violent Unrav  Hex/Tmut       51%        3d20      1%          5

Your spell library contained the following spells:

 Spells                   Type           Power      Damage    Failure   Level
 Apportation              Tloc           100%       N/A       0%          1
 Foxfire                  Conj/Fire      100%       2x1d9     0%          1
 Freeze                   Ice            100%       1d10      0%          1
 Kiss of Death            Conj/Necr      100%       2d13      0%          1
 Magic Dart               Conj           100%       1d8       0%          1
 Necrotise                Necr           100%       1d9       0%          1
 Sandblast                Erth           100%       2d20      0%          1
 Sting                    Tmut/Pois      100%       1d8       0%          1
 Summon Small Mammal      Summ           100%       N/A       0%          1
 Call Imp                 Summ           100%       N/A       0%          2
 Cigotuvi's Dreadful Rot  Necr/Pois/Air  100%       N/A       0%          2
 Ensorcelled Hibernation  Hex/Ice        100%       N/A       0%          2
 Momentum Strike          Conj/Tloc      100%       3d10      0%          2
 Poisonous Vapours        Pois/Air       100%       N/A       0%          2
 Static Discharge         Conj/Air       100%       2-7/arc   0%          2
 Confusing Touch          Hex            100%       N/A       0%          3
 Dazzling Flash           Conj/Hex       100%       N/A       0%          3
 Frozen Ramparts          Ice            100%       1d16      0%          3
 Inner Flame              Hex/Fire       100%       N/A       0%          3
 Mephitic Cloud           Conj/Pois/Air  100%       N/A       0%          3
 Ozocubu's Armour         Ice            100%       N/A       0%          3
 Spider Form              Tmut/Pois      100%       N/A       0%          3
 Stone Arrow              Conj/Erth      100%       3d13      0%          3
 Summon Guardian Golem    Hex/Summ       100%       N/A       0%          3
 Vhi's Electric Charge    Tloc/Air       100%       N/A       0%          3
 Volatile Blastmotes      Fire/Tloc      100%       2d18      0%          3
 Animate Armour           Summ/Erth      100%       N/A       0%          4
 Anguish                  Hex/Necr       51%        N/A       1%          4
 Cause Fear               Hex            51%        N/A       1%          4
 Fulminant Prism          Conj/Hex       51%        3d23      1%          4
 Ice Form                 Ice/Tmut       100%       N/A       1%          4
 Manifold Assault         Tloc           100%       N/A       1%          4
 Sticky Flame             Conj/Fire      100%       2d11      1%          4
 Summon Ice Beast         Ice/Summ       100%       N/A       1%          4
 Summon Lightning Spire   Summ/Air       100%       N/A       1%          4
 Arcjolt                  Conj/Air       51%        1d61      1%          5
 Blade Hands              Tmut           51%        N/A       1%          5
 Borgnjor's Vile Clutch   Necr/Erth      65%        N/A       1%          5
 Freezing Cloud           Conj/Ice/Air   51%        6-21      1%          5
 Irradiate                Conj/Tmut      51%        3d28      1%          5
 Iskenderun's Battlesphe  Conj           100%       2d15      1%          5
 Metabolic Englaciation   Hex/Ice        51%        N/A       1%          5
 Silence                  Hex/Air        51%        N/A       1%          5
 Summon Forest            Summ/Tloc      51%        N/A       1%          5
 Conjure Ball Lightning   Conj/Air       51%        3x3d18    1%          6
 Death Channel            Necr           51%        N/A       1%          6
 Eringya's Noxious Bog    Tmut/Pois      52%        N/A       1%          6
 Plasma Beam              Fire/Air       51%        2x1d72    1%          6
 Starburst                Conj/Fire      51%        6d14      1%          6
 Summon Cactus Giant      Summ           51%        N/A       1%          6
 Dragon Form              Tmut           51%        N/A       1%          7
 Enfeeble                 Hex            51%        N/A       1%          7
 Malign Gateway           Summ/Tloc      51%        N/A       1%          7
 Monstrous Menagerie      Summ           51%        N/A       1%          7
 Orb of Destruction       Conj           51%        9d13      1%          7
 Spellforged Servitor     Conj/Summ      51%        N/A       1%          7
 Storm Form               Tmut/Air       51%        N/A       1%          7
 Lehudib's Crystal Spear  Conj/Erth      65%        10d15     6%          8
 Discord                  Hex            51%        N/A       14%         8
 Disjunction              Tloc           51%        N/A       14%         8
 Ignition                 Fire           51%        3d14      14%         8
 Maxwell's Capacitive Co  Air            51%        ∞         14%         8
 Summon Horrible Things   Summ           51%        N/A       14%         8
 Dragon's Call            Summ           51%        N/A       91%         9
 Polar Vortex             Ice            51%        N/A       91%         9
 Animate Dead             Necr           Unusable   N/A       N/A         4
 Simulacrum               Ice/Necr       Unusable   N/A       N/A         6

Dungeon Overview and Level Annotations

Branches:
Dungeon (15/15)            Temple (0/1) D:6            Lair (5/5) D:8
 Shoals (4/4) Lair:2       Spider (4/4) Lair:2        Slime (1/5) Lair:5
    Orc (2/2) D:9             Elf (3/3) Orc:2        Vaults (5/5) D:14
  Crypt (0/3) Vaults:3     Depths (4/4) D:15            Zot (5/5) Depths:4
Ossuary (visited)          Bailey (visited)           IceCv (visited)
Desolation (visited)

Altars:
Ashenzari
Cheibriados
Dithmenos
Fedhas
Gozag
Hepliaklqana
Kikubaaqudgha
Qazlal
Sif Muna
Trog
Uskayaw
Vehumet
Wu Jian
Xom
Yredelemnul
Zin
The Shining One
Jiyva

Shops:
D:1 [   D:2 (   D:10 (   D:15 [[*   Orc:2 [:*([*[?[   Shoals:1 !   Vaults:1 (
Vaults:2 ?   Vaults:5 ?   Depths:4 ==::

Portals:
Hell: Depths:1 Depths:2 Depths:3 Depths:4
Abyss: Depths:1 Depths:3
Pandemonium: Depths:2 Depths:3 Depths:4
Ziggurat: Depths:3

Annotations:
D:9 2 transporters
Lair:4 3 runed translucent doors, GeoRichter's ghost, journeyman OpVM
Zot:3 8 transporters, Korask's ghost, legendary GrFi


Innate Abilities, Weirdness & Mutations

You have very sharp teeth.
Your uncanny sense of smell can sniff out nearby items.
Your experience applies equally to all skills.
You occasionally shout uncontrollably at your foes.
You are vulnerable to cold. (rC-)


Message History

You kill the Brimstone Fiend!
You now have 3578 gold pieces (gained 15).
Things that are here:
4 stones; a +1 sling of draining A hellwing comes into view.
There is a stone staircase leading up here.
You climb upwards.
There is a stone staircase leading down here.
Casting: Iron Shot (mildly dangerous; 1% risk of failure)
Confirm with . or Enter, or press ? or * to list all spells.
Okay, then.
An Orb Guardian comes into view.
There is a stone staircase leading up here.
You climb upwards.
There is a stone staircase leading down here.
There is an open door here.
There is an open door here.
There is a stone staircase leading up here.
You climb upwards.
There is a stone staircase leading down here.
There is a stone staircase leading up, spattered with blood here.
You climb upwards.
There is a stone staircase leading down here.
There is a stone staircase leading up here.
You climb upwards.
There is a stone staircase leading down here.
You see here a +0 glaive.
There is a stone staircase leading up here.
You climb upwards.
There is a stone staircase leading down here.
There is a stone staircase leading up here.
You climb upwards.
There is a stone staircase leading down here.
There is a stone staircase leading up here.
You climb upwards.
There is a stone staircase leading down here.
There is an open door here.
There is an open door here.
There is a staircase leading out of the dungeon here.
You have escaped!

##.#.##.# #...####...#....(.#
#.#.##.####'######'##.#.....
######.#....##...##..##....#.....
....##....#................#.....
##..........##...##..##...###...#
##..##...##.####'######'### #####
....##...##.###...####...#
.##.##...##...#...'..#...#
.##.####.######.@.#..#...#
....####.#....#...#..#...#
.#####.....####...#..#...# .##
#.....##.#####..##### ..##
#.....##.#..##...#
...###...........####.#
#...##.....##.........#
#....##.......#.#######
#...###.#####.#.#


There were no monsters in sight!

Vanquished Creatures
  Tiamat (Zot:1)
  A dread lich (Vaults:5)
  An orb of fire (Zot:5)
  Mennas (Depths:4)
  3 ancient liches
  A juggernaut (Depths:4)
  Sojobo (Depths:4)
  Josephina (Zot:4)
  A pandemonium lord (Depths:1)
  2 curse toes
  12 golden dragons
  The ghost of Kehicw the Executioner, an adept HOBr of Okawaru (Shoals:2)
  3 electric golems
  A Brimstone Fiend (D:9)
  A hellephant (Depths:3)
  A walking earthen tome (Depths:2)
  Mlioglotl (Spider:4)
  3 liches
  11 Orb Guardians
  13 tentacled monstrosities
  6 titans
  A deep elf master archer (Elf:3)
  3 Ice Fiends
  3 deep elf blademasters
  Asterion (Spider:2)
  8 quicksilver dragons
  Frances (D:13)
  A walking divine tome (Depths:2)
  An Executioner (Zot:5)
  6 sphinxes
  6 death cobs
  Gastronok (Lair:2)
  Kirke (Lair:4)
  8 tengu reavers
  14 shadow dragons
  20 storm dragons
  22 draconian monks
  6 fire giants
  3 draconian knights
  5 emperor scorpions
  10 frost giants
  13 vault wardens
  7 deep elf sorcerers
  3 iron dragons
  9 draconian scorchers
  2 balrugs (Depths:4)
  Louise (Depths:1)
  7 deep elf elementalists (Elf:3)
  7 draconian shifters
  2 draconian stormcallers
  An imperial myrmidon (Desolation)
  5 draconian annihilators
  3 ghost moths (Spider:4)
  7 spriggan defenders
  23 ironbound preservers
  18 stone giants
  2 grey draconians (Depths:4)
  4 war gargoyles
  4 orc warlords
  19 very ugly things
  A cacodemon (Depths:4)
  A broodmother (Spider:3)
  12 green draconians
  6 ironbound thunderhulks
  12 white draconians
  3 vampire knights
  11 dire elephants
  The ghost of Ziulum the Eclecticist, a journeyman DEEE of Vehumet (D:14)
  Nessos (Lair:4)
  3 halazid warlocks (Desolation)
  11 yellow draconians
  7 deep elf annihilators
  11 black draconians
  12 red draconians
  11 purple draconians
  2 deep elf demonologists (Elf:3)
  A minotaur (Depths:1)
  The ghost of Igoiwkoc the Nimble, a journeyman MfGl (D:14)
  8 spark wasps
  A lorocyproca (D:10)
  4 deep elf death magi (Elf:3)
  An eidolon (Vaults:3)
  3 crystal guardians
  A fire dragon (shapeshifter) (Vaults:1)
  6 ettins
  16 fire dragons
  A green death (Zot:3)
  11 merfolk javelineers
  A spectral kraken (Shoals:2)
  4 deep elf high priests
  5 entropy weavers
  18 yaktaur captains
  7 great orbs of eyes
  10 merfolk impalers
  Fannar (D:11)
  8 ragged hierophants (Desolation)
  32 vault guards
  2 salamander tyrants (Depths:3)
  21 ice dragons
  A rakshasa (Depths:3)
  2 hydras (D:13)
  9 spriggan air magi
  6 peacekeepers
  2 radroaches
  The ghost of krabocopter the Cleaver, a journeyman GnRe of Dithmenos (D:11)
  14 ironbound frosthearts
  4 servants of whispers (Desolation)
  3 jorogumos
  12 centaur warriors
  A merfolk avatar (Shoals:4)
  An anaconda (shapeshifter) (Vaults:1)
  An alligator snapping turtle (Shoals:1)
  22 two-headed ogres
  A catoblepas (Lair:4)
  4 satyrs
  7 ogre magi
  2 death knights (Vaults:3)
  35 dancing weapons
  19 death yaks
  7 boulder beetles
  8 death scarabs (Spider:4)
  4 merfolk aquamancers
  4 tengu warriors
  9 deep troll earth magi
  7 deep troll shamans
  Urug (Lair:4)
  9 spriggans (Depths:3)
  8 spriggan berserkers
  A titan zombie (Depths:1)
  2 orc high priests
  A shock serpent (shapeshifter) (Vaults:4)
  18 deep elf knights
  2 hell knights
  Sonja (D:11)
  5 skysharks
  Amaemon (Lair:1)
  A skeletal warrior (D:14)
  9 iron trolls
  5 sun demons
  A shadow wraith (Vaults:3)
  2 sixfirhies
  4 pharaoh ants
  57 deep trolls
  10 sea snakes
  A sun moth (Spider:1)
  A sea snake (shapeshifter) (Depths:2)
  12 deep elf archers
  A spectral anaconda (Lair:5)
  A swamp dragon (shapeshifter) (Elf:2)
  2 spectral jorogumos (Spider:4)
  4 orb spiders
  7 steelbarb worms
  2 orange crystal statues
  A lindwurm (shapeshifter) (Vaults:1)
  A spectral wolf spider (Spider:4)
  2 flayed ghosts (Depths:1)
  10 lindwurms
  9 phantasmal warriors
  An obsidian statue (Lair:5)
  23 ironbound convokers
  2 orb spiders (shapeshifter)
  31 deep elf zephyrmancers
  5 wizards
  A broodmother zombie (Spider:4)
  12 orc knights
  A sphinx zombie (Vaults:4)
  An orc sorcerer (Orc:2)
  3 mana vipers (shapeshifter)
  11 necromancers
  2 oklob plants (Lair:1)
  32 deep elf pyromancers
  14 wolf spiders
  13 harpies
  2 stone giant zombies (Vaults:3)
  An iron dragon zombie (Depths:1)
  A manticore (shapeshifter) (Depths:2)
  A fire giant zombie (Depths:1)
  The ghost of tykejmi the Purveyor of Pain, a novice DsNe of Kikubaaqudgha (D:5)
  24 ugly things
  14 elephants (Lair:5)
  7 cyclopes
  11 fauns
  A frost giant zombie (Depths:1)
  2 wolf spider zombies (Spider:4)
  12 manticores
  A moth of wrath (shapeshifter) (Vaults:1)
  35 moths of wrath
  A salamander (Depths:3)
  3 smoke demons (Depths:4)
  A black mamba (Lair:5)
  A black mamba (shapeshifter) (D:11)
  3 demonic crawlers
  2 molten gargoyles (Desolation)
  A water nymph (shapeshifter) (Vaults:1)
  2 guardian serpents (Desolation)
  18 vault sentinels
  8 merfolk sirens
  A gargoyle (D:13)
  A guardian serpent (shapeshifter) (Elf:1)
  15 water nymphs
  5 spectral redbacks (Spider:4)
  An eye of devastation (shapeshifter) (Elf:2)
  A dire elephant skeleton (Lair:5)
  An orange demon (Lair:1)
  A cane toad (shapeshifter) (Elf:2)
  15 cane toads
  10 rime drakes (IceCv)
  Maggie (D:6)
  A spectral sea snake (Shoals:2)
  Psyche (D:12)
  9 komodo dragons
  An efreet (D:15)
  A tengu conjurer (Depths:2)
  A redback zombie (Spider:4)
  34 yaktaurs
  2 ice devils
  A ghost moth simulacrum (Zot:4)
  A freezing wraith (Vaults:3)
  A tormentor (Depths:2)
  A yaktaur skeleton (Vaults:4)
  A queen bee (shapeshifter) (D:15)
  2 spectral culicivoras (Spider:4)
  A meliai (shapeshifter) (Vaults:5)
  32 merfolk
  7 polar bears (IceCv)
  2 hellwings
  12 wind drakes
  12 trolls
  2 spectral jumping spiders (Spider:4)
  2 spectral tarantellas (Spider:4)
  3 snapping turtles
  2 tarantellas (shapeshifter)
  11 hornets
  5 blink frogs (Lair:4)
  15 tarantellas
  52 saltlings
  Prince Ribbit (D:7)
  A meliai zombie (D:11)
  A culicivora zombie (Spider:4)
  14 slime creatures
  A tarantella zombie (Spider:4)
  A raiju (shapeshifter) (D:15)
  A jumping spider (shapeshifter) (Vaults:4)
  5 wraiths
  19 air elementals
  A centaur simulacrum (D:15)
  31 water elementals
  A shadow (D:12)
  12 culicivoras
  30 yaks
  15 jumping spiders
  3 spriggan skeletons (Depths:1)
  9 wyverns
  A ynoxinul (Depths:2)
  2 hogs (Lair:4)
  4 basilisks
  A hog (shapeshifter) (Elf:3)
  Grum (D:11)
  A neqoxec (Depths:2)
  2 fire elementals
  A yaktaur simulacrum (Vaults:4)
  27 redbacks
  2 steam dragons
  A redback (shapeshifter) (Vaults:1)
  A chaos spawn (Depths:2)
  3 death yak simulacra (Lair:5)
  7 vampire mosquitoes
  2 wargs (Orc:1)
  10 water moccasins
  3 spectral cane toads (Lair:5)
  A swamp worm (shapeshifter) (Vaults:5)
  A warg (shapeshifter) (Elf:1)
  4 acid dragons
  A tengu zombie (Depths:1)
  2 spectral snapping turtles (Shoals:2)
  3 moth of wrath simulacra (Zot:4)
  5 swamp worms (Lair:2)
  A floating eye (shapeshifter) (Vaults:3)
  2 human skeletons (Vaults:3)
  32 orc warriors
  3 black bears
  An ogre skeleton (Vaults:3)
  2 sky beasts (D:7)
  30 ogres
  An elephant zombie (Lair:5)
  12 wolves
  A centaur (shapeshifter) (Elf:3)
  10 centaurs
  10 kobold brigands
  9 bullfrogs
  2 gnoll sergeants
  9 scorpions
  4 earth elementals
  17 wights
  A water moccasin skeleton (D:5)
  An elephant simulacrum (Lair:5)
  15 killer bees
  5 howler monkeys
  3 electric eels
  A crimson imp (Zot:3)
  2 centaur zombies (Ossuary)
  4 lava snakes (Lair:2)
  A bullfrog zombie (D:5)
  17 orc priests
  5 centaur skeletons
  2 jellies
  A sleepcap (D:6)
  2 human zombies (Ossuary)
  A hound (D:6)
  An iguana (shapeshifter) (Depths:2)
  3 scorpion zombies (Ossuary)
  A boggart zombie (D:11)
  2 iguanas (D:6)
  18 orc wizards
  3 mummies (Ossuary)
  15 gnolls
  9 adders
  2 shadow imps
  A white imp (D:6)
  An ufetubus (D:4)
  3 worms
  59 orcs
  8 ball pythons
  3 endoplasms
  5 giant cockroaches
  3 gnoll zombies (Ossuary)
  10 hobgoblins
  30 kobolds
  A quokka (D:1)
  4 bats
  5 frilled lizards
  9 goblins
  2 goblin zombies (Ossuary)
  2 hobgoblin zombies (Ossuary)
  2 kobold zombies (Ossuary)
  3 orc zombies (Ossuary)
  2 quokka zombies (D:4)
  2 rats
2190 creatures vanquished.

Vanquished Creatures (collateral kills)
  A dread lich (Zot:5)
  An ancient lich (Zot:5)
  Vv (Depths:3)
  A Killer Klown (Zot:5)
  A curse toe (Zot:4)
  An electric golem (Zot:5)
  A tentacled monstrosity (Zot:5)
  3 Orb Guardians (Zot:5)
  A quicksilver dragon (Zot:5)
  A shadow dragon (Zot:4)
  A storm dragon (Zot:5)
  Ilsuiw (Shoals:3)
  A deep elf sorcerer (Elf:3)
  A ghost moth (Spider:2)
  2 draconian shifters (Zot:3)
  3 yellow draconians
  A deep elf annihilator (Elf:1)
  2 white draconians
  A merfolk aquamancer (Shoals:2)
  A merfolk avatar (Shoals:4)
  A dancing weapon (Elf:2)
  A deep elf pyromancer (Elf:2)
  A deep elf zephyrmancer (Elf:2)
  A wolf spider (Spider:2)
  4 moths of wrath
  An orange demon (Zot:5)
  2 water elementals (Shoals:2)
  A worm (D:3)
  A quokka (D:3)
  A frilled lizard (D:3)
40 creatures vanquished.

Vanquished Creatures (others)
  A dread lich (Zot:5)
  3 orbs of fire (Zot:5)
  5 Killer Klowns (Zot:5)
  2 tentacled monstrosities (Zot:5)
  11 Orb Guardians (Zot:5)
  A death cob (Zot:5)
  A shadow dragon (Zot:5)
  A ghost moth (Zot:5)
  2 draconian knights
  An angel (D:8)
  A draconian annihilator (Zot:5)
  3 red draconians
  A yellow draconian (Zot:5)
  A black draconian (Zot:5)
  3 purple draconians (Zot:5)
  A blizzard demon (Depths:4)
  2 moths of wrath (Zot:5)
  4 tentacles (Shoals:2)
44 creatures vanquished.

Grand Total: 2274 creatures vanquished

Notes
Turn   | Place    | Note
-------+----------+-------------------------------------------
     0 | D:1      | HagarQim the Gnoll Wanderer began the quest for the Orb.
     0 | D:1      | HagarQim set off with the following items: a +0 dagger, a
                  | scroll of teleportation, a +0 robe, a potion of
                  | lignification; and the following spell memorised: Sting;
                  | and the following spells available to memorise: Ignite
                  | Poison, Mephitic Cloud, Blink, Momentum Strike.
     0 | D:1      | Reached XP level 1. HP: 17/17 MP: 12/12
    99 | D:1      | Reached XP level 2. HP: 6/23 MP: 14/14
   174 | D:1      | Learned a level 2 spell: Momentum Strike
   426 | D:1      | Found Xuniec's Armour Emporium.
   499 | D:1      | Reached XP level 3. HP: 22/28 MP: 15/15
   975 | D:2      | Reached skill level 1 in Invocations
  1145 | D:2      | Learned a level 3 spell: Ignite Poison
  1232 | D:2      | Reached skill level 1 in Short Blades
  1232 | D:2      | Reached skill level 1 in Long Blades
  1232 | D:2      | Reached skill level 1 in Axes
  1232 | D:2      | Reached skill level 1 in Maces & Flails
  1232 | D:2      | Reached skill level 1 in Polearms
  1232 | D:2      | Reached skill level 1 in Staves
  1232 | D:2      | Reached skill level 1 in Ranged Weapons
  1232 | D:2      | Reached skill level 1 in Throwing
  1232 | D:2      | Reached skill level 1 in Armour
  1232 | D:2      | Reached skill level 1 in Dodging
  1232 | D:2      | Reached skill level 1 in Stealth
  1232 | D:2      | Reached skill level 1 in Shields
  1232 | D:2      | Reached skill level 1 in Unarmed Combat
  1232 | D:2      | Reached skill level 1 in Evocations
  1250 | D:2      | Reached XP level 4. HP: 34/34 MP: 14/17
  1303 | D:2      | Reached skill level 1 in Conjurations
  1303 | D:2      | Reached skill level 1 in Hexes
  1303 | D:2      | Reached skill level 1 in Summonings
  1303 | D:2      | Reached skill level 1 in Necromancy
  1303 | D:2      | Reached skill level 1 in Translocations
  1303 | D:2      | Reached skill level 1 in Transmutations
  1303 | D:2      | Reached skill level 1 in Fire Magic
  1303 | D:2      | Reached skill level 1 in Ice Magic
  1303 | D:2      | Reached skill level 1 in Air Magic
  1303 | D:2      | Reached skill level 1 in Earth Magic
  1494 | D:2      | Found Vuyg Cuo's Weapon Boutique.
  1893 | D:2      | Reached XP level 5. HP: 40/40 MP: 16/18
  2327 | D:3      | Found an opulent altar of Gozag.
  2333 | D:3      | Became a worshipper of Gozag Ym Sagoz the Greedy
  2448 | D:3      | Found a faded altar of an unknown god.
  2839 | D:4      | Noticed an ogre
  2970 | D:4      | Found a broken altar of Ashenzari.
  2997 | D:4      | Reached XP level 6. HP: 47/47 MP: 15/20
  3126 | D:4      | Found a sand-covered staircase.
  3133 | Ossuary  | Entered an ossuary
  3295 | Ossuary  | Reached XP level 7. HP: 48/52 MP: 19/22
  3772 | Ossuary  | Reached XP level 8. HP: 60/60 MP: 20/23
  4258 | D:5      | Entered Level 5 of the Dungeon
  4293 | D:5      | Noticed a two-headed ogre
  4466 | D:5      | Found a hazy altar of Hepliaklqana.
  4597 | D:5      | Found a transporter.
  4599 | D:5      | Noticed tykejmi's ghost (novice DsNe)
  4611 | D:5      | Found a transporter.
  5076 | D:5      | Killed a two-headed ogre
  5077 | D:5      | Reached XP level 9. HP: 33/67 MP: 23/25
  5269 | D:6      | Reached skill level 5 in Fighting
  5415 | D:5      | Learned a level 3 spell: Mephitic Cloud
  5753 | D:6      | Learned a level 4 spell: Dispel Undead
  6085 | D:6      | Found a staircase to the Ecumenical Temple.
  6135 | D:6      | Reached skill level 5 in Invocations
  6344 | D:6      | Noticed Maggie
  6356 | D:6      | Killed Maggie
  7282 | D:7      | Reached skill level 5 in Short Blades
  7282 | D:7      | Reached skill level 5 in Long Blades
  7282 | D:7      | Reached skill level 5 in Axes
  7282 | D:7      | Reached skill level 5 in Maces & Flails
  7282 | D:7      | Reached skill level 5 in Polearms
  7282 | D:7      | Reached skill level 5 in Staves
  7282 | D:7      | Reached skill level 5 in Ranged Weapons
  7282 | D:7      | Reached skill level 5 in Throwing
  7282 | D:7      | Reached skill level 5 in Armour
  7282 | D:7      | Reached skill level 5 in Dodging
  7282 | D:7      | Reached skill level 5 in Stealth
  7282 | D:7      | Reached skill level 5 in Shields
  7282 | D:7      | Reached skill level 5 in Unarmed Combat
  7282 | D:7      | Reached skill level 5 in Evocations
  7282 | D:7      | Reached XP level 10. HP: 76/76 MP: 21/26
  7740 | D:7      | Noticed Prince Ribbit
  7749 | D:7      | Killed Prince Ribbit
  8426 | D:7      | Learned a level 3 spell: Volatile Blastmotes
  8431 | D:7      | Learned a level 4 spell: Iskenderun's Mystic Blast
  8491 | D:8      | Found a radiant altar of Vehumet.
  8532 | D:8      | Noticed a death yak
  8532 | D:8      | Noticed a death yak
  8532 | D:8      | Noticed a death yak
  8569 | D:7      | Killed a death yak
  8645 | D:8      | Noticed an angel
  8645 | D:8      | Found a shimmering altar of Xom.
  8692 | D:8      | Found a shimmering blue altar of Sif Muna.
  8831 | D:8      | Found a blossoming altar of Fedhas.
  9036 | D:8      | Found a glowing silver altar of Zin.
  9206 | D:8      | Killed an angel
  9214 | D:8      | Found a staircase to the Lair.
  9340 | D:8      | Noticed a death yak
  9340 | D:8      | Noticed a death yak
  9340 | D:8      | Noticed a death yak
  9340 | D:8      | Noticed a death yak
  9351 | D:8      | Noticed a death yak
  9437 | D:8      | Killed a death yak
  9438 | D:8      | Reached skill level 5 in Conjurations
  9438 | D:8      | Reached skill level 5 in Hexes
  9438 | D:8      | Reached skill level 5 in Summonings
  9438 | D:8      | Reached skill level 5 in Necromancy
  9438 | D:8      | Reached skill level 5 in Translocations
  9438 | D:8      | Reached skill level 5 in Transmutations
  9438 | D:8      | Reached skill level 5 in Fire Magic
  9438 | D:8      | Reached skill level 5 in Ice Magic
  9438 | D:8      | Reached skill level 5 in Air Magic
  9438 | D:8      | Reached skill level 5 in Earth Magic
  9438 | D:8      | Reached XP level 11. HP: 83/83 MP: 27/27
  9754 | D:8      | Killed a death yak
  9778 | D:8      | Killed a death yak
  9861 | D:8      | Found a glowing golden altar of the Shining One.
 10218 | D:8      | Killed a death yak
 10641 | D:8      | Killed a death yak
 10654 | D:8      | Killed a death yak
 10668 | D:8      | Killed a death yak
 10894 | D:9      | Found a transporter.
 11000 | D:9      | Paralysed by a hornet for 2 turns
 11132 | D:9      | Found a flagged portal.
 11158 | Bailey   | Entered a bailey
 11428 | Bailey   | Noticed an orc knight
 11445 | Bailey   | Killed an orc knight
 11539 | Bailey   | Found an iron altar of Okawaru.
 11794 | D:9      | Found a staircase to the Orcish Mines.
 11806 | D:9      | Found a transporter.
 11808 | D:9      | Found a transporter.
 11810 | D:9      | Found a transporter.
 11872 | D:9      | Reached XP level 12. HP: 91/91 MP: 26/29
 12139 | D:9      | Learned a level 3 spell: Stone Arrow
 12145 | D:9      | Learned a level 5 spell: Lee's Rapid Deconstruction
 12740 | Orc:1    | Entered Level 1 of the Orcish Mines
 12870 | Orc:2    | Entered Level 2 of the Orcish Mines
 12883 | Orc:2    | Found Uggabot's Book Shop.
 12900 | Orc:2    | Found Siffal's Antique Armour Shop.
 13118 | Orc:2    | Found Daosm's Weapon Boutique.
 13173 | Orc:2    | Found Redy's Assorted Antiques.
 13173 | Orc:2    | Found Liyk Gei's Antique Armour Boutique.
 13173 | Orc:2    | Found Tilidghet's Armour Shop.
 13173 | Orc:2    | Found Hoddaces's Magic Scroll Shop.
 13173 | Orc:2    | Noticed a two-headed ogre
 13173 | Orc:2    | Noticed a two-headed ogre
 13173 | Orc:2    | Noticed a two-headed ogre
 13173 | Orc:2    | Noticed a two-headed ogre
 13173 | Orc:2    | Noticed an ogre mage
 13173 | Orc:2    | Noticed a two-headed ogre
 13173 | Orc:2    | Noticed a two-headed ogre
 13173 | Orc:2    | Noticed a two-headed ogre
 13173 | Orc:2    | Noticed a stone giant
 13173 | Orc:2    | Noticed a two-headed ogre
 13173 | Orc:2    | Noticed an orc high priest
 13173 | Orc:2    | Noticed an ogre mage
 13176 | Orc:2    | Found a staircase to the Elven Halls.
 13410 | Orc:1    | Killed a two-headed ogre
 13714 | D:10     | Entered Level 10 of the Dungeon
 14272 | D:10     | Found an ornate altar of the Wu Jian Council.
 14313 | D:10     | Found a stormy altar of Qazlal.
 14566 | D:10     | Found a snail-covered altar of Cheibriados.
 14612 | D:10     | Found a shadowy altar of Dithmenos.
 14652 | D:10     | Found Tikkem's Weapon Shoppe.
 14852 | D:10     | Bought the +3 dagger of Voracious Action {freeze, rPois
                  | Will+ Dex+3} for 458 gold pieces
 14916 | D:11     | Learned a level 5 spell: Yara's Violent Unravelling
 15046 | D:11     | Noticed Grum
 15053 | D:11     | Killed Grum
 15195 | D:11     | Identified the +4 morningstar "Sopon" {pain, Str+5}
 15269 | D:11     | Found a runed translucent door.
 15269 | D:11     | Noticed krabocopter's ghost (journeyman GnRe)
 15403 | D:11     | Found a basalt altar of Yredelemnul.
 15477 | D:11     | Identified the +1 arbalest of Joideq Zirgh {antimagic,
                  | rPois rN+ rCorr}
 15496 | D:11     | Noticed Sonja
 15515 | D:11     | Killed Sonja
 15684 | D:11     | Noticed Fannar
 15695 | D:11     | Killed Fannar
 15797 | D:12     | Noticed Psyche
 15946 | D:5      | Killed tykejmi's ghost
 16126 | Lair:1   | Entered Level 1 of the Lair of Beasts
 16468 | Lair:1   | Noticed a death yak
 16481 | Lair:1   | Noticed Amaemon
 16587 | Lair:1   | Killed a death yak
 16596 | Lair:1   | Reached XP level 13. HP: 99/99 MP: 30/30
 17271 | Lair:1   | Killed Amaemon
 17278 | Lair:1   | Reached skill level 10 in Poison Magic
 17603 | Lair:2   | Found a staircase to the Shoals.
 18695 | Orc:2    | Killed a stone giant
 18922 | Orc:1    | ffs
 19528 | Orc:2    | Found Lixo's Assorted Antiques.
 19717 | Orc:2    | Found Fimoneth's Antique Armour Emporium.
 20940 | Orc:1    | Reached XP level 14. HP: 94/108 MP: 17/32
 20943 | Orc:1    | Reached skill level 10 in Invocations
 21181 | Orc:2    | Bought a pair of pitted boots for 247 gold pieces
 21181 | Orc:2    | Identified the +1 pair of boots of the Loofah {Harm rPois
                  | Int+3} (You bought it in a shop on level 2 of the Orcish
                  | Mines)
 21191 | Orc:2    | Bought a small bronze ring for 130 gold pieces
 21228 | Orc:2    | Bought a pair of embroidered gloves for 202 gold pieces
 21270 | Orc:2    | Bought the +3 warlock's mirror {omnireflect} for 1120 gold
                  | pieces
 21270 | Orc:2    | Found the +3 warlock's mirror {omnireflect}
 21286 | Orc:2    | Bought a scroll of enchant armour for 232 gold pieces
 21286 | Orc:2    | Bought a shiny agate ring for 155 gold pieces
 21286 | Orc:2    | Bought a smoky coppery potion for 27 gold pieces
 21286 | Orc:2    | Bought a potion of heal wounds for 155 gold pieces
 21506 | D:2      | Bought the +8 Vampire's Tooth {megavamp} for 840 gold
                  | pieces
 21506 | D:2      | Found the +8 Vampire's Tooth {megavamp}
 21730 | Lair:2   | Found a transporter.
 21767 | Lair:2   | Found a hole to the Spider Nest.
 21971 | Lair:2   | Found a transporter.
 22093 | Lair:2   | Noticed Gastronok
 22099 | Lair:2   | Killed Gastronok
 23143 | Lair:2   | Identified the +0 hat of Bizinuoc {-Tele rElec rCorr Int+4}
 23372 | Lair:3   | You fall into a shaft and drop 2 floors!
 23372 | Lair:5   | Entered Level 5 of the Lair of Beasts
 23824 | Lair:4   | Noticed Nessos
 23881 | Lair:4   | Killed Nessos
 23882 | Lair:4   | Reached skill level 10 in Fighting
 24051 | Lair:5   | Learned a level 3 spell: Hailstorm
 24125 | Lair:4   | Noticed Urug
 24130 | Lair:4   | Killed Urug
 25298 | Lair:4   | Found a runed translucent gate.
 25298 | Lair:4   | Found a runed translucent gate.
 25298 | Lair:4   | Found a runed translucent gate.
 25298 | Lair:4   | Noticed an azure jelly
 25298 | Lair:4   | Noticed an azure jelly
 25298 | Lair:4   | Noticed an acid blob
 25298 | Lair:4   | Noticed an acid blob
 25298 | Lair:4   | Noticed an acid blob
 25299 | Lair:4   | Found a viscous altar of Jiyva.
 25299 | Lair:4   | Noticed an azure jelly
 25299 | Lair:4   | Noticed GeoRichter's ghost (journeyman OpVM)
 25299 | Lair:4   | Noticed an azure jelly
 25299 | Lair:4   | Noticed an azure jelly
 25347 | Lair:4   | Noticed Kirke
 25373 | Lair:4   | Killed Kirke
 26244 | Lair:5   | Reached skill level 10 in Short Blades
 26244 | Lair:5   | Reached skill level 10 in Long Blades
 26244 | Lair:5   | Reached skill level 10 in Axes
 26244 | Lair:5   | Reached skill level 10 in Maces & Flails
 26244 | Lair:5   | Reached skill level 10 in Polearms
 26244 | Lair:5   | Reached skill level 10 in Staves
 26244 | Lair:5   | Reached skill level 10 in Ranged Weapons
 26244 | Lair:5   | Reached skill level 10 in Throwing
 26244 | Lair:5   | Reached skill level 10 in Armour
 26244 | Lair:5   | Reached skill level 10 in Dodging
 26244 | Lair:5   | Reached skill level 10 in Stealth
 26244 | Lair:5   | Reached skill level 10 in Shields
 26244 | Lair:5   | Reached skill level 10 in Unarmed Combat
 26244 | Lair:5   | Reached skill level 10 in Evocations
 26497 | Lair:5   | Found a staircase to the Slime Pits.
 26497 | Lair:5   | Found a viscous altar of Jiyva.
 26656 | Lair:5   | Reached XP level 15. HP: 117/117 MP: 13/33
 27259 | Slime:1  | Entered Level 1 of the Pits of Slime
 27331 | Spider:1 | Entered Level 1 of the Spider Nest
 27691 | Orc:2    | Bought a book of the Spheres for 702 gold pieces
 27691 | Orc:2    | Bought a book of Lightning for 442 gold pieces
 27697 | Orc:2    | Learned a level 5 spell: Fireball
 27708 | Orc:2    | Learned a level 3 spell: Vhi's Electric Charge
 27854 | Spider:1 | You fall into a shaft and drop 1 floor!
 28051 | Spider:2 | Reached skill level 15 in Spellcasting
 28165 | Spider:2 | Killed a ghost moth
 28741 | Spider:1 | Noticed an emperor scorpion
 28793 | Spider:1 | Killed an emperor scorpion
 28818 | Spider:1 | Noticed Asterion
 28825 | Spider:1 | Noticed a balrug
 29444 | Spider:1 | Noticed a balrug
 29453 | Spider:2 | Killed Asterion
 29734 | Spider:3 | Found a frozen archway.
 29746 | IceCv    | Entered an ice cave
 30265 | IceCv    | Reached XP level 16. HP: 118/125 MP: 23/35
 32498 | D:12     | Killed Psyche
 32905 | D:12     | Found a glowing silver altar of Zin.
 33186 | D:13     | Noticed Frances
 33195 | D:13     | Killed Frances
 33925 | D:14     | Found an ancient bone altar of Kikubaaqudgha.
 33976 | D:14     | Found a runed translucent gate.
 33977 | D:14     | Found a runed translucent gate.
 33977 | D:14     | Found a runed translucent gate.
 33977 | D:14     | Noticed Ziulum's ghost (journeyman DEEE)
 33979 | D:14     | Noticed Igoiwkoc's ghost (journeyman MfGl)
 34614 | D:14     | Found a gate to the Vaults.
 35314 | D:15     | Entered Level 15 of the Dungeon
 35723 | D:15     | Found a staircase to the Depths.
 35726 | D:15     | Reached XP level 17. HP: 133/133 MP: 36/36
 36979 | Lair:5   | Reached skill level 10 in Conjurations
 36979 | Lair:5   | Reached skill level 10 in Hexes
 36979 | Lair:5   | Reached skill level 10 in Summonings
 36979 | Lair:5   | Reached skill level 10 in Necromancy
 36979 | Lair:5   | Reached skill level 10 in Translocations
 36979 | Lair:5   | Reached skill level 10 in Transmutations
 36979 | Lair:5   | Reached skill level 10 in Fire Magic
 36979 | Lair:5   | Reached skill level 10 in Ice Magic
 36979 | Lair:5   | Reached skill level 10 in Air Magic
 36979 | Lair:5   | Reached skill level 10 in Earth Magic
 37301 | Lair:5   | Identified the +0 dagger of Zuustergh {flame, Int+2 Stlth+}
 37386 | Lair:5   | Identified the +5 morningstar of the Illusory Leylines
                  | {venom, rN+ Str+3 Stlth+}
 37529 | Lair:5   | Identified the +6 trident of Honesty {flame, rC+ rN++}
 37745 | Shoals:1 | Entered Level 1 of the Shoals
 38225 | Shoals:1 | Found Ciecujih's Distillery.
 38337 | Shoals:1 | Found a transporter.
 38337 | Shoals:1 | Found a transporter.
 38725 | Shoals:2 | Found a flickering gateway to a bazaar.
 38813 | Bazaar   | Entered a bazaar
 38820 | Bazaar   | Found Esiom's General Store.
 38835 | Bazaar   | Found Dacokli's Book Boutique.
 38838 | Bazaar   | Found Ozafing's Weapon Emporium.
 38872 | Bazaar   | Found Zonna's Antique Weapon Boutique.
 38912 | Bazaar   | Bought a manual of Armour for 880 gold pieces
 38912 | Bazaar   | Bought the Unrestrained Analects for 506 gold pieces
 38917 | Bazaar   | Learned a level 4 spell: Olgreb's Toxic Radiance
 38924 | Bazaar   | Learned a level 5 spell: Summon Mana Viper
 39299 | Shoals:2 | Found a transporter.
 39324 | Shoals:2 | Found a transporter.
 39414 | Shoals:2 | Identified the ring "Unaont" {rF+ Will+ Int+2}
 39792 | Shoals:3 | Noticed Ilsuiw
 39855 | Shoals:3 | Killed Ilsuiw
 40735 | Shoals:4 | Entered Level 4 of the Shoals
 40735 | Shoals:4 | Found a stormy altar of Qazlal.
 40745 | Shoals:4 | Paralysed by an air elemental for 1 turns
 40979 | Shoals:4 | Reached XP level 18. HP: 142/142 MP: 33/38
 41141 | Shoals:4 | Found a hide-covered altar of Uskayaw.
 41473 | Shoals:4 | Identified the +5 sling of Plague {flame, Contam rPois
                  | Dex+4}
 41528 | Shoals:4 | Paralysed by an air elemental for 1 turns
 41688 | Shoals:4 | Paralysed by an air elemental for 1 turns
 41707 | Shoals:4 | Paralysed by an air elemental for 1 turns
 42626 | Shoals:4 | Got a barnacled rune of Zot
 43202 | Spider:4 | Entered Level 4 of the Spider Nest
 43361 | Spider:4 | Noticed Mlioglotl
 43370 | Spider:4 | Killed Mlioglotl
 44227 | Spider:4 | Lost strength.
 44822 | Depths:1 | Entered Level 1 of the Depths
 44822 | Depths:1 | Found a gateway to Hell.
 45479 | D:15     | Bought a +0 helmet of see invisible for 149 gold pieces
 45912 | D:15     | Bought an embroidered cloak for 187 gold pieces
 46292 | Elf:1    | Entered Level 1 of the Elven Halls
 46569 | Elf:1    | Paralysed by an air elemental for 1 turns
 47097 | Elf:1    | Reached XP level 19. HP: 150/150 MP: 34/40
 47483 | Elf:1    | Got Rewn's Atlas of Cooperative Outbursts
 48813 | Elf:2    | Found a runed translucent gate.
 48813 | Elf:2    | Found a runed translucent gate.
 48813 | Elf:2    | Found a runed translucent gate.
 50245 | Elf:2    | Reached skill level 15 in Armour
 50610 | Elf:3    | Entered Level 3 of the Elven Halls
 50807 | Elf:2    | Found a radiant altar of Vehumet.
 51147 | Abyss:2  | Cast into level 2 of the Abyss (a deep elf sorcerer)
 51151 | Elf:3    | Escaped the Abyss
 51164 | Elf:3    | Reached skill level 15 in Invocations
 51868 | Elf:3    | Reached XP level 20. HP: 154/159 MP: 38/41
 52937 | Elf:3    | Found the +8 arc blade {discharge, rElec}
 52990 | Elf:3    | Found the +3 giant club "Skullcrusher" {speed, Str+7}
 53020 | Elf:3    | Got the Parchment of Overcast Composition
 53023 | Elf:3    | Identified the ring of Datsearr {Ice rPois rN+ Stlth+}
 53064 | Elf:3    | Identified the staff of earth "Hivogy" {rPois rC+}
 53072 | Elf:3    | Identified the +4 dagger "Huniarph" {drain, Will- Str+2
                  | Int+4 SInv}
 53073 | Elf:3    | Identified the +6 mace of Hacking and Slashing {flame, rF+}
 53113 | Elf:3    | Identified the +6 quarterstaff of Trauma {elec, rF++ Will+
                  | SInv Stlth-}
 54890 | Spider:4 | Got a gossamer rune of Zot
 54904 | Spider:4 | Reached XP level 21. HP: 166/166 MP: 42/42
 55243 | Orc:2    | Bought a book of Power for 546 gold pieces
 55250 | Orc:2    | Learned a level 6 spell: Iron Shot
 55388 | D:15     | Bought a distressingly furry ring mail for 225 gold pieces
 55388 | D:15     | Identified the +0 ring mail of the Lobster {rElec Dex+3
                  | Slay+2} (You bought it in a shop on level 15 of the
                  | Dungeon)
 56232 | Depths:1 | Found the +8 autumn katana {manifold assault}
 56427 | Depths:1 | Reached skill level 15 in Ranged Weapons
 56506 | Depths:1 | Found a one-way gate to the infinite horrors of the Abyss.
 56506 | Depths:1 | Noticed Louise
 56514 | Depths:1 | Killed Louise
 56524 | Depths:1 | Found a shadowy altar of Dithmenos.
 57386 | Depths:2 | Reached XP level 22. HP: 174/174 MP: 20/44
 57570 | Depths:2 | Reached skill level 15 in Fighting
 58341 | Depths:2 | Identified the +5 spear of Beysa {drain, rC+ Dex+5}
 58551 | Depths:2 | Found a one-way gate leading to the halls of Pandemonium.
 58832 | Depths:2 | an acid blob changed into a juggernaut
 58832 | Depths:2 | Noticed a juggernaut (glowing shapeshifter)
 58833 | Depths:2 | a juggernaut changed into a glowing shapeshifter
 59130 | Depths:2 | Reached skill level 15 in Short Blades
 59130 | Depths:2 | Reached skill level 15 in Long Blades
 59130 | Depths:2 | Reached skill level 15 in Axes
 59130 | Depths:2 | Reached skill level 15 in Maces & Flails
 59130 | Depths:2 | Reached skill level 15 in Polearms
 59130 | Depths:2 | Reached skill level 15 in Staves
 59130 | Depths:2 | Reached skill level 15 in Throwing
 59130 | Depths:2 | Reached skill level 15 in Dodging
 59130 | Depths:2 | Reached skill level 15 in Stealth
 59130 | Depths:2 | Reached skill level 15 in Shields
 59130 | Depths:2 | Reached skill level 15 in Unarmed Combat
 59130 | Depths:2 | Reached skill level 15 in Evocations
 59714 | Depths:2 | Noticed a caustic shrike
 59753 | Depths:2 | Noticed a caustic shrike
 60039 | Depths:3 | Noticed Vv
 60208 | Depths:2 | Learned a level 7 spell: Haunt
 60243 | Depths:3 | Killed Vv
 61287 | Depths:3 | Found the +7 great mace "Firestarter" {flame, immolate,
                  | rFlCloud rF++}
 61492 | Depths:3 | Identified the ring "Hieheb" {Fire Int+2}
 62821 | Depths:3 | Found a one-way gateway to a ziggurat.
 63334 | Depths:4 | Entered Level 4 of the Depths
 63394 | Depths:4 | Reached skill level 15 in Earth Magic
 63394 | Depths:4 | Reached XP level 23. HP: 183/183 MP: 30/45
 63462 | Depths:4 | Noticed a golden dragon
 63491 | Depths:4 | Killed a golden dragon
 63539 | Depths:4 | Noticed a juggernaut
 64087 | Depths:4 | Found Kiloogha's Jewellery Boutique.
 64096 | Depths:4 | Bought the ring "Baemaky" {Fly rElec rF+ rN+} for 860 gold
                  | pieces
 64107 | Depths:4 | Noticed Sojobo
 64135 | Depths:4 | Killed Sojobo
 64513 | Depths:4 | Killed a juggernaut
 64950 | Depths:4 | Found Zeraru's Book Shoppe.
 64951 | Depths:4 | Found Bimagaza's Jewellery Boutique.
 64952 | Depths:4 | Found Lamarr's Book Shoppe.
 65260 | Depths:4 | Noticed Mennas
 65400 | Depths:4 | Killed Mennas
 65401 | Depths:4 | Reached skill level 15 in Poison Magic
 65747 | Depths:4 | Noticed a golden dragon
 65754 | Depths:4 | Killed a golden dragon
 65891 | Depths:4 | Found a gate to the Realm of Zot.
 66160 | D:11     | Killed krabocopter's ghost
 66308 | D:14     | Killed Ziulum's ghost
 66313 | D:14     | Killed Igoiwkoc's ghost
 66826 | Shoals:1 | Identified the +6 flail of the Nexus {flame, Drain rElec
                  | rN+++ Str+2}
 66836 | Shoals:1 | Got the Catalogue of Twinkling Chilblains
 66880 | Shoals:2 | Noticed Kehicw's ghost (adept HOBr)
 66901 | Shoals:2 | Killed Kehicw's ghost
 67348 | Vaults:1 | Entered Level 1 of the Vaults
 67440 | Vaults:1 | Found a crumbling gateway.
 67450 | Desolati | Entered the Desolation of Salt
 67810 | Desolati | Identified the +11 halberd "Laigorat" {holy, +Blink rPois
                  | SInv Stlth-}
 67926 | Desolati | Found the +2 hat of the Bear Spirit {Spirit, Bear, *Rage
                  | Will++}
 67972 | Desolati | Identified the +3 leather armour of the Past {Rampage}
 68209 | Desolati | Got the Quarto of Amalgamated Confrontation
 68213 | Desolati | Identified the +2 trident "Paippane" {freeze, Will+}
 68250 | Desolati | Identified the +0 chain mail "Jotuuxos" {Fly Str+2}
 68260 | Desolati | Identified the +6 shortbow of Unpleasantness {flame, rF+
                  | rC++ Int+2}
 68269 | Desolati | Identified the +0 robe of Anaesthesia {Will+++}
 68274 | Desolati | Got the Almanac of Freezing and Electrocution
 68357 | Desolati | Identified the +14 plate armour "Jyogoixu" {rElec rPois
                  | rF++ Slay-6}
 68357 | Desolati | Identified the ring of the Moon {Drain rF+ rN++ Dex+4}
 69121 | Vaults:1 | Reached XP level 24. HP: 142/192 MP: 6/46
 70368 | Vaults:1 | Found Akamogousch's Weapon Boutique.
 70978 | Vaults:2 | Found Qat Yrpho's Magic Scroll Emporium.
 70987 | Vaults:2 | Bought a scroll of blinking for 157 gold pieces
 73355 | Vaults:3 | Noticed an ancient lich
 73372 | Vaults:3 | Killed an ancient lich
 73963 | Vaults:3 | Identified the staff of poison "Ownop" {rPois Str+3}
 74117 | Vaults:3 | Identified the +3 quarterstaff of Ravakius {flame, rC+
                  | Int+2}
 74535 | Vaults:3 | Identified the +0 chain mail "Zidal" {rElec Will+ MP-9
                  | Dex+10}
 74548 | Vaults:3 | Reached XP level 25. HP: 201/201 MP: 41/46
 74821 | Vaults:3 | Found a staircase to the Crypt.
 75159 | Vaults:3 | You are sucked into a shaft and drop 1 floor!
 77473 | Vaults:4 | Learned a level 7 spell: Ozocubu's Refrigeration
 77478 | Vaults:5 | Entered Level 5 of the Vaults
 77564 | Vaults:5 | Noticed an ancient lich
 77639 | Vaults:5 | Killed an ancient lich
 77908 | Vaults:5 | Identified the +3 arbalest of Fate {penet, rCorr Stlth+}
 78070 | Vaults:5 | Paralysed by an ogre mage for 2 turns
 78814 | Vaults:5 | Reached XP level 26. HP: 210/210 MP: 12/47
 79215 | Vaults:5 | Reached skill level 15 in Conjurations
 79215 | Vaults:5 | Reached skill level 15 in Hexes
 79215 | Vaults:5 | Reached skill level 15 in Summonings
 79215 | Vaults:5 | Reached skill level 15 in Necromancy
 79215 | Vaults:5 | Reached skill level 15 in Translocations
 79215 | Vaults:5 | Reached skill level 15 in Transmutations
 79215 | Vaults:5 | Reached skill level 15 in Fire Magic
 79215 | Vaults:5 | Reached skill level 15 in Ice Magic
 79215 | Vaults:5 | Reached skill level 15 in Air Magic
 79787 | Vaults:5 | Found the +4 skin of Zhor {*Englaciate rC+++ SInv}
 79787 | Vaults:5 | Found the +3 crown of Dyrovepreva {rElec Int+2 SInv}
 79844 | Vaults:5 | Noticed a dread lich
 79850 | Vaults:5 | Killed a dread lich
 80229 | Vaults:5 | Identified the +8 ring mail of Arphegad {Fly rElec Slay+3
                  | SInv}
 80301 | Vaults:5 | Identified the amulet of Goufin {Faith Fragile Str+5 Int+4}
 80510 | Vaults:5 | Got the Book of the Hyperbolic Boulder
 80514 | Vaults:5 | Identified the staff of poison "Joamots" {rPois Str+3
                  | Int+2}
 80687 | Vaults:5 | Identified the +6 sling "Eqogiwyn" {freeze, *Slow Fly
                  | Will+++ Int-4}
 80701 | Vaults:5 | Identified the +1 plate armour "Dotilit" {+Blink +Inv
                  | Dex+2}
 80711 | Vaults:5 | Identified the +0 shadow dragon scales "Suvy" {Fly rPois
                  | rF++ Dex+3 Stlth++++}
 80811 | Vaults:5 | Found Imegryh's Magic Scroll Shop.
 80817 | Vaults:5 | Bought a scroll of enchant armour for 82 gold pieces
 80830 | Vaults:5 | Got a silver rune of Zot
 80925 | Vaults:5 | Identified the ring "Gunoll" {Int+3 SInv Stlth+}
 81335 | Zot:1    | Entered Level 1 of the Realm of Zot
 81335 | Zot:1    | You fall into a shaft and drop 1 floor!
 81742 | Zot:1    | Found the +4 dragonskin cloak
 81742 | Zot:1    | Noticed Tiamat
 82412 | Zot:1    | Killed Tiamat
 84992 | Zot:2    | Reached XP level 27. HP: 218/219 MP: 8/47
 85422 | Zot:3    | Found a transporter.
 85486 | Zot:3    | Found a transporter.
 85560 | Zot:3    | Found a transporter.
 85562 | Zot:3    | Identified the +2 cloak of Atheism {Harm rF- Str-3 Int+6}
 85567 | Zot:3    | Found a bloodstained altar of Trog.
 85572 | Zot:3    | Identified the -2 cloak of Hysteria {rF+ Int-3 Stlth+}
 85581 | Zot:3    | Noticed Korask's ghost (legendary GrFi)
 85589 | Zot:3    | Found a transporter.
 86633 | Zot:3    | Found a transporter.
 87200 | Zot:3    | Found a transporter.
 87822 | Zot:3    | Found a transporter.
 87824 | Zot:3    | Found a transporter.
 88156 | Zot:3    | Noticed an ancient lich
 88161 | Zot:3    | Killed an ancient lich
 88439 | Zot:3    | Found a stormy altar of Qazlal.
 88454 | Zot:3    | Identified the staff of cold "Bojose" {Fly rPois rC+ Str-3
                  | Dex-3}
 88771 | Zot:4    | Identified the ring "Onlirr" {Ice Str+3 Slay+2 SInv}
 88771 | Zot:4    | Noticed Josephina
 88825 | Zot:4    | Killed Josephina
 89595 | Zot:4    | Learned a level 8 spell: Infestation
 89924 | Zot:5    | Entered Level 5 of the Realm of Zot
 89924 | Zot:5    | Noticed an orb of fire
 89937 | Zot:5    | Gained mutation: You are vulnerable to cold. (rC-) [an orb
                  | of fire]
 90201 | Zot:5    | Gained mutation: You occasionally shout uncontrollably at
                  | your foes. [an orb of fire]
 90203 | Zot:5    | Killed an orb of fire
 90452 | Zot:5    | Identified the +7 whip of Causality {flame, rC++ Str+3
                  | Dex+3}
 90760 | Zot:5    | Noticed an orb of fire
 90765 | Zot:5    | Noticed an orb of fire
 90767 | Zot:5    | Noticed an ancient lich
 90767 | Zot:5    | Noticed an orb of fire
 90833 | Zot:5    | Noticed an orb of fire
 90837 | Zot:5    | Killed an ancient lich
 90838 | Zot:5    | Killed an orb of fire
 90842 | Zot:5    | Killed a dread lich
 90849 | Zot:5    | Killed an orb of fire
 90849 | Zot:5    | Noticed an orb of fire
 90903 | Zot:5    | Noticed a dread lich
 90923 | Zot:5    | Killed a dread lich
 91104 | Zot:5    | Learned a level 2 spell: Blink
 91403 | Zot:5    | Got the Orb of Zot
 91538 | Zot:3    | Noticed Mowixus the pandemonium lord
 91766 | Depths:1 | Noticed Cezox the pandemonium lord
 91769 | Depths:1 | Killed Cezox the pandemonium lord
 92146 | D:$      | Escaped with the Orb!

Illustrated notes

##...# #...###
####....##
##.#......###
##..#......#.#
##)...........##
##)......#......#
##[))....##.......
#@))....##.......#
####)....#####......
#....[...# ####....
##.....^.####.......
##.......#.........
##.##.............
#####...<........
#............##
##.........###


Turn 18922 on Orc:1: ffs

Levels and vault maps discovered:
D:1:      dpeg_arrival_houses_and_road, layout_loops_cross, serial_shops, shop
D:2:      layout_loops_ring, serial_shops, shop, minmay_stone_trees_small
D:3:      layout_rooms, mainiacjoe_overflow_tiny_flanked, basic_ecumenical_altar
D:4:      layout_basic, overflow_temple_1_default, enter_ossuary_4
D:5:      layout_basic, mainiacjoe_overflow_catwalk, gammafunk_ghost_mausoleum,
          minmay_misc_feat_doors, reono_crystal_passage, item_on_display_a
D:6:      layout_loops_ring, minmay_temple_entry_large_hall,
          minmay_quadrilaterals, uniq_maggie
D:7:      layout_basic, serial_aquarium, aquarium_bridge_straight
          [aquarium_subvault_bridge, aquarium_subvault_wall,
          aquarium_subvault_bridge, aquarium_subvault_window],
          aquarium_window_3, aquarium_window_fake, aquarium_window_2,
          aquarium_view_2f, aquarium_pool_2, nicolae_titane, uniq_prince_ribbit1
D:8:      layout_cave_pods, grunt_temple_overflow_order_and_chaos_1,
          nicolae_overflow_hidden_temple, nicolae_vehumet_radiance,
          mainiacjoe_overflow_catwalk_spiral, dpeg_lair_monsters
D:9:      layout_cave_pods, orc_0_dummy, enter_bailey_4, serial_glass,
          glass_columns_c, glass_columns_a, glass_columns_c, glass_columns_a,
          glass_columns_a, glass_columns_b, glass_columns_b, glass_columns_a,
          minmay_statues_item, nicolae_diode_intersection
D:10:     layout_rooms, general_overflow_altar,
          nicolae_qazlal_style_of_elements, overflow_temple_1_default,
          mainiacjoe_overflow_alcove_4, serial_shops,
          nicolae_shop_bloodbath_and_beyond, grunt_decor_one_mirror
D:11:     layout_roguey, hellmonk_ghost_happy_afterlife,
          lemuel_zombie_altar_yredelemnul, uniq_fannar, uniq_sonja, uniq_grum
D:12:     layout_cross, zin_treasury, uniq_psyche
D:13:     layout_roguey, hangedman_decor_slide_cut, uniq_frances
D:14:     layout_layer_cave, hangedman_vaults_entry_quadrant_bands,
          gammafunk_ghost_cemetery, nicolae_kikubaaqudgha_miasma_corner
D:15:     grunt_enter_depths_giant_problem, layout_basic, corexii_hall_statues_t
Lair:1:   minmay_lair_oklob_chamber, layout_long_grid, grunt_megastairs_1,
          uniq_amaemon
Lair:2:   gammafunk_worm_tunnel, layout_chaotic_city,
          minmay_shoals_entry_lonely_mermaid, dummy_spider_entry,
          nicolae_lair_liquid_snakes, uniq_gastronok
Lair:3:   layout_cave_pods, infiniplex_staircase_pool_2
Lair:4:   layout_regular_city, gammafunk_ghost_ooze, uniq_nessos, uniq_kirke,
          uniq_urug
Lair:5:   due_jungle_book, layout_regular_city, slime_entry_1
Shoals:1: gammafunk_sealed_arena, layout_shoals, serial_shops, shop
Shoals:2: layout_shoals, serial_shops, bzr_firewalk, ebering_ghost_davey_jones,
          nicolae_shoals_elemental_ambush
Shoals:3: layout_shoals, uniq_ilsuiw
Shoals:4: shoals_end_hellmonk_storm_palace [storm_palace_center_circular,
          storm_palace_corner_blocked, storm_palace_corner_altar,
          storm_palace_corner_reverse_hut, storm_palace_corner_altar],
          serial_shops
Spider:1: layout_spider_delve, nicolae_spider_jagged_tunnels, uniq_asterion
Spider:2: layout_spider_delve, hangedman_spider_tarantella_strand
Spider:3: layout_spider_delve, portal_ice_cave_entry_pillars_four, drop_trap,
          nicolae_spider_paper_wasps
Spider:4: floodkiller_spider_rune_tomb, uniq_mlioglotl
Slime:1:  cheibrodos_slime_lost_civilization_1, layout_caves
Orc:1:    layout_diamond_mine
Orc:2:    st_orc_open, layout_caves, serial_shops, nicolae_shop_hallway_plus,
          nicolae_shop_behind_doors, nicolae_shop_tiny_waterfront, shop,
          nicolae_shop_hallway_stairs
Elf:1:    layout_onion_city, minmay_elf_sorcery, grunt_ministairs_1
Elf:2:    nicolae_elf_blades_splatter_lattice
          [nicolae_blade_entry_floor_patterns], layout_loops_cross,
          nrook_loot_triangle, lemuel_upstairs_altar
Elf:3:    minmay_elf_hall_statues, layout_gridlike,
          serial_sigils_hangedman_writhe, st_stairs_2, grunt_ministairs_8
Vaults:1: portal_desolation_entry_salt, nicolae_vaults_stairing_the_circle,
          vaults_room_ringed_pool, nicolae_vaults_loss_of_containment,
          nicolae_vaults_taking_the_gang_shopping, nicolae_vaults_rhombus_5,
          ontoclasm_vaults_bender, nicolae_vaults_what_the_h, vaults_dpeg_ring,
          nicolae_vaults_variable_pillar_hall, hangedman_vaults_nails,
          nicolae_vaults_theta, ontoclasm_vaults_twist,
          nicolae_vaults_tetromino_T_1, layout_vaults_omnicross
Vaults:2: nicolae_vaults_twisting_passages, v_rooms_1, v_alt_pattern_3,
          nicolae_vaults_trapezoid_2, nicolae_vaults_puzzle_piece, v_misc_17,
          nicolae_vaults_little_squares_5, nicolae_vaults_tetromino_L_1,
          v_pattern_3, v_misc_13, nicolae_vaults_octothorpe,
          vaults_room_door_ring, nicolae_vaults_house_1,
          layout_vaults_chaotic_city, serial_shops, shop
Vaults:3: nicolae_vaults_storage_closets_1, v_misc_12,
          nicolae_vaults_you_can_take_it_with_you, ontoclasm_vaults_shuriken,
          hangedman_vaults_pinch, blue_anna_dwarven_crypt,
          ontoclasm_vaults_idyll, nicolae_vaults_heart-shaped_vault,
          serial_ice_m, grunt_vaults_hallway_short, v_alt_pattern_4,
          nicolae_vaults_apartment_2, nicolae_vaults_spaceships,
          vaults_mumra_minichess_inversion, layout_vaults_omnibox
Vaults:4: nicolae_vaults_puzzle_piece, hangedman_vaults_trim,
          nicolae_vaults_house_1, hangedman_vaults_nails,
          dpeg_vaults_hating_casters, layout_vaults_omnigrid
Vaults:5: serial_shops, uniq_margery
Depths:1: layout_forbidden_donut, hell_entry, grunt_dithmenos_smoke,
          nicolae_abyss_entry_one_way_or_another,
          wheals_unrand_guarded_autumn_katana
Depths:2: minmay_complete_graph, layout_cave_pools, grunt_pan_entry_spiral,
          grunt_decor_mini_mirrors, pf_coc_iceberg, minivault_12
Depths:3: minmay_firetagon, layout_honeycomb, enter_ziggurat_d, hell_entry,
          pan_entry, abyss_entry, abandoned_shop, minivault_14,
          kennysheep_potato, infiniplex_staircase_squiggle, uniq_vv
Depths:4: evilmike_zot_entry_gauntlet, layout_gridlike, lightli_too_deep,
          serial_shops, nicolae_shop_gaudy_bauble, rand_demon_pan_entry_7,
          drop_trap, minmay_shop_grove, uniq_mennas, uniq_sojobo
Zot:1:    layout_onion, uniq_tiamat
Zot:2:    layout_gridlike, grunt_megastairs_2
Zot:3:    regret_index_qazlal_generations, layout_gridlike,
          gammafunk_ghost_wrathful_warriors, grunt_ministairs_6,
          serial_nicolae_subway, nicolae_sub_station_metal,
          nicolae_sub_station_crystal, nicolae_sub_station_stone
Zot:4:    layout_misc_corridors, uniq_josephina
Zot:5:    layout_misc_corridors, st_stairs_12

Skill      XL: |  1  2  3  4  5  6  7  8  9 10 11 12 13 14 15 16 17 18 19 20 21 22 23 24 25 26 27 |
---------------+----------------------------------------------------------------------------------+-----
Spellcasting   | 12 13 14 15 16 17 18 19 20 21 | 21.7
Invocations    | 1 2 3 4 5 6 7 8 9 10 11 12 13 14 15 16 17 18 19 20 | 20.8
Short Blades   | 1 2 3 4 5 6 7 8 9 10 11 12 13 14 15 16 17 18 19 | 19.2
Long Blades    | 1 2 3 4 5 6 7 8 9 10 11 12 13 14 15 16 17 18 19 | 19.2
Axes           | 1 2 3 4 5 6 7 8 9 10 11 12 13 14 15 16 17 18 19 | 19.2
Maces & Flails | 1 2 3 4 5 6 7 8 9 10 11 12 13 14 15 16 17 18 19 | 19.2
Polearms       | 1 2 3 4 5 6 7 8 9 10 11 12 13 14 15 16 17 18 19 | 19.2
Staves         | 1 2 3 4 5 6 7 8 9 10 11 12 13 14 15 16 17 18 19 | 19.2
Ranged Weapons | 1 2 3 4 5 6 7 8 9 10 11 12 13 14 15 16 17 19 20 21 23 | 23.0
Throwing       | 1 2 3 4 5 6 7 8 9 10 11 12 13 14 15 16 17 18 19 | 19.2
Armour         | 1 2 3 4 5 6 7 8 9 10 11 12 14 15 16 18 19 20 21 22 23 | 23.9
Dodging        | 1 2 3 4 5 6 7 8 9 10 11 12 13 14 15 16 17 18 19 | 19.2
Stealth        | 1 2 3 4 5 6 7 8 9 10 11 12 13 14 15 16 17 18 19 | 19.2
Shields        | 1 2 3 4 5 6 7 8 9 10 11 12 13 14 15 16 17 18 19 | 19.2
Unarmed Combat | 1 2 3 4 5 6 7 8 9 10 11 12 13 14 15 16 17 18 19 | 19.2
Evocations     | 1 2 3 4 5 6 7 8 9 10 11 12 13 14 15 16 17 18 19 | 19.2
Conjurations   | 1 2 3 4 5 6 7 8 9 10 11 12 13 14 15 16 | 16.4
Hexes          | 1 2 3 4 5 6 7 8 9 10 11 12 13 14 15 16 | 16.4
Summonings     | 1 2 3 4 5 6 7 8 9 10 11 12 13 14 15 16 | 16.4
Necromancy     | 1 2 3 4 5 6 7 8 9 10 11 12 13 14 15 16 | 16.4
Translocations | 1 2 3 4 5 6 7 8 9 10 11 12 13 14 15 16 | 16.4
Transmutations | 1 2 3 4 5 6 7 8 9 10 11 12 13 14 15 16 | 16.4
Fire Magic     | 1 2 3 4 5 6 7 8 9 10 11 12 13 14 15 16 | 16.4
Ice Magic      | 1 2 3 4 5 6 7 8 9 10 11 12 13 14 15 16 | 16.4
Air Magic      | 1 2 3 4 5 6 7 8 9 10 11 12 13 14 15 16 | 16.4
Earth Magic    | 1 2 3 4 5 6 7 8 9 10 11 12 13 15 16 17 18 20 | 20.2
Fighting       | 3 4 5 6 7 8 9 10 11 12 13 14 15 16 17 18 19 | 19.4
Poison Magic   | 8 9 10 11 12 13 14 15 16 17 | 17.7

Action                     |  1- 3 |  4- 6 |  7- 9 | 10-12 | 13-15 | 16-18 | 19-21 | 22-24 | 25-27 || total
---------------------------+-------+-------+-------+-------+-------+-------+-------+-------+-------++-------
  Melee: Dagger            |    41 |       |       |     3 |    28 |       |       |       |       ||    72
         Bite              |     4 |     7 |     7 |     2 |    76 |    89 |    33 |   112 |    46 ||   376
         Quarterstaff      |     5 |    58 |    68 |    25 |       |       |       |       |       ||   156
         Punch             |       |       |       |       |     2 |       |       |       |       ||     2
         Quick blade       |       |       |       |       |   438 |   551 |   165 |   133 |       ||  1287
         Rapier            |       |       |       |       |       |       |    28 |     6 |    27 ||    61
         Staff             |       |       |       |       |       |       |     4 |    28 |    24 ||    56
         Katana            |       |       |       |       |       |       |     6 |   438 |   178 ||   622
   Fire: Shortbow          |       |       |       |     2 |       |       |       |       |       ||     2
  Throw: Dart              |       |       |       |       |     2 |       |     1 |       |     6 ||     9
         Javelin           |       |       |       |       |       |     5 |       |       |     3 ||     8
   Cast: Sting             |    39 |    56 |    88 |   203 |    86 |    50 |       |       |       ||   522
         Ignite Poison     |       |     4 |    29 |    83 |    99 |    65 |    33 |    70 |    51 ||   434
         Momentum Strike   |       |     5 |    33 |    12 |       |       |       |       |       ||    50
         Mephitic Cloud    |       |       |    16 |    99 |   139 |    91 |    34 |     8 |     1 ||   388
         Iskenderun's Myst |       |       |       |    46 |   119 |    96 |    50 |    27 |    16 ||   354
         Volatile Blastmot |       |       |       |    22 |     8 |     1 |       |       |       ||    31
         Dispel Undead     |       |       |       |    17 |       |    16 |     8 |    15 |     2 ||    58
         Lee's Rapid Decon |       |       |       |    25 |    86 |   171 |   225 |   205 |   223 ||   935
         Stone Arrow       |       |       |       |    11 |   122 |    81 |    67 |     1 |       ||   282
         Hailstorm         |       |       |       |       |     4 |     5 |       |     4 |       ||    13
         Fireball          |       |       |       |       |    34 |   127 |    18 |    58 |     6 ||   243
         Yara's Violent Un |       |       |       |       |     4 |     9 |    16 |    33 |     7 ||    69
         Vhi's Electric Ch |       |       |       |       |     1 |     3 |       |       |       ||     4
         Olgreb's Toxic Ra |       |       |       |       |       |    16 |    23 |    39 |    19 ||    97
         Summon Mana Viper |       |       |       |       |       |     8 |     5 |       |     1 ||    14
         Iron Shot         |       |       |       |       |       |       |    48 |   417 |   594 ||  1059
         Haunt             |       |       |       |       |       |       |       |     4 |     1 ||     5
         Ozocubu's Refrige |       |       |       |       |       |       |       |       |     5 ||     5
         Blink             |       |       |       |       |       |       |       |       |     9 ||     9
         Infestation       |       |       |       |       |       |       |       |       |     4 ||     4
 Invoke: Potion Petition   |       |       |       |       |     1 |     4 |       |     2 |       ||     7
         Call Merchant     |       |       |       |       |       |     3 |       |       |       ||     3
         Bribe Branch      |       |       |       |       |       |       |       |       |     4 ||     4
  Evoke: Box of beasts     |       |       |       |       |     1 |       |       |     1 |     3 ||     5
         Wand              |       |       |       |       |       |     2 |       |     2 |     2 ||     6
         Phantom mirror    |       |       |       |       |       |       |       |       |     1 ||     1
    Use: Scroll            |       |     9 |     6 |    14 |    10 |    16 |     5 |     5 |     5 ||    70
         Potion            |       |       |     2 |     2 |     7 |     8 |     7 |     8 |    10 ||    44
   Stab: Sleeping          |     1 |       |       |       |     8 |    15 |     6 |     1 |     5 ||    36
         Confused          |       |       |     1 |     1 |    12 |    27 |     5 |       |       ||    46
         Distracted        |       |       |       |       |     5 |     2 |     2 |     8 |     1 ||    18
         Invisible         |       |       |       |       |       |     3 |       |       |       ||     3
 Armour: Robe              |    10 |    14 |    28 |    34 |    82 |   114 |    38 |    94 |   102 ||   516
  Dodge: Dodged            |    25 |    47 |    66 |   178 |   333 |   370 |   141 |   404 |   513 ||  2077
  Block: Buckler           |       |       |       |       |   101 |   212 |   103 |   241 |   326 ||   983
         Reflection        |       |       |       |       |     4 |    37 |    23 |    40 |    82 ||   186
